 Dungeon Crawl Stone Soup version 0.31-a0-187-gba352fbbf7 (webtiles) character file.

Game seed: 6010211671238782650

101 qw the Shooter (level 4, -3/25 HPs)
             Began as a Deep Elf Hunter on June 22, 2023.
             Slain by Blork the orc
             ... wielding a +0 war axe
              (11 damage)
             ... on level 6 of the Dungeon.
             The game lasted 00:00:29 (1180 turns).

qw the Shooter (Deep Elf Hunter)                    Turns: 1180, Time: 00:00:29

Health: -3/25      AC:  4    Str: 13    XL:     4   Next: 48%
Magic:  6/6        EV: 12    Int: 14    God:
Gold:   65         SH:  0    Dex: 18    Spells: 3/3 levels left

rFire   . . .        Y - +0 shortbow
rCold   . . .        (shield currently unavailable)
rNeg    + . .        c - +0 leather armour
rPois   .            b - +0 helmet of Freedom {rN+ Str+3}
rElec   .            (no cloak)
rCorr   .            (no gloves)
SInv    .            (no boots)
Will    .....        (no amulet)
Stlth   ++           (no ring)
HPRegen 0.24/turn    (no ring)
MPRegen 0.10/turn

%: no passive effects
@: no status effects
A: no striking features
a: no special abilities


You were on level 6 of the Dungeon.
You visited 1 branch of the dungeon, and saw 4 of its levels.

You collected 65 gold pieces.


   Skills:
 - Level 1.5 Fighting
 + Level 7.9 Ranged Weapons
 - Level 2.4 Dodging
 - Level 1.2 Stealth


You had 3 spell levels left.
You didn't know any spells.
Your spell library was empty.

Inventory:

Hand Weapons
 Y - a +0 shortbow (weapon)
Armour
 a - a +0 pair of gloves
 b - the +0 helmet of Freedom (worn) {rN+ Str+3}
   (You acquired it on level 2 of the Dungeon)

   Str:       It affects your strength (+3).
   rN:        It protects you from negative energy.
 c - a +0 leather armour (worn)
Potions
 d - a potion of experience {unknown}
 e - a potion of invisibility {unknown}
 g - a potion of curing {unknown}
 i - a potion of haste {unknown}

Dungeon Overview and Level Annotations

Branches:
Dungeon (3/15)

Altars:

Annotations:
D:6 Blork the orc


Message History

A goblin comes into view. It is wielding a +0 club.
The goblin unwields a +0 club.
The goblin wields a +0 sling.
The goblin shoots a sling bullet.
The sling bullet hits you.
You shoot an arrow. The arrow hits the goblin.
You kill the goblin!
You start resting.
HP restored.
a - a +0 pair of gloves
Found an escape hatch in the floor.
A bat comes into view.
You shoot an arrow. The arrow hits the bat!
You kill the bat!
A sourceless malevolence fills the Dungeon...
You fall into a shaft and drop 3 floors!
The shaft crumbles and collapses.
Blork the orc comes into view.
He is wielding a +0 war axe.
Blork the orc shouts!
Waypoint 3 assigned to D:6.
You shoot an arrow. The arrow hits Blork the orc!
Blork the orc is moderately wounded.
You shoot an arrow. The arrow closely misses Blork the orc.
Blork the orc screams, "I'm going to kill you!"
Blork the orc casts a spell at you. The puff of flame hits you.
You shoot an arrow. The arrow barely misses Blork the orc.
You shoot an arrow. The arrow closely misses Blork the orc.
Blork the orc hits you with a +0 war axe.
You shoot an arrow.
The arrow hits Blork the orc but does no damage.
Blork the orc is moderately wounded.
Blork the orc barely misses you.
You shoot an arrow. The arrow hits Blork the orc.
Blork the orc is moderately wounded.
Blork the orc barely misses you.
You shoot an arrow. The arrow hits Blork the orc.
Blork the orc is heavily wounded.
Blork the orc hits you with a +0 war axe!
You shoot an arrow. The arrow hits Blork the orc.
Blork the orc is heavily wounded.
Blork the orc hits you with a +0 war axe!
You die...

.# .# .# ..
#.# #.#
###o###
#.@...#
#######.#.#.#
#.........#.#
#.###.....#.#
#.# #.......+
#.####...####
#........#
########.#
#.#


You could see Blork the orc.

Vanquished Creatures
  6 adders (D:2)
  A worm (D:3)
  3 dart slugs
  4 bats
  4 endoplasms
  2 goblins
  6 hobgoblins (D:1)
  A kobold (D:2)
  2 quokkas
  6 ball pythons
  2 frilled lizards (D:2)
  A rat (D:1)
38 creatures vanquished.

Notes
Turn   | Place    | Note
-------+----------+-------------------------------------------
     0 | D:1      | qw the Deep Elf Hunter began the quest for the Orb.
     0 | D:1      | Reached XP level 1. HP: 12/12 MP: 3/3
     0 | D:1      | 0 ||| qw: Version: 0.3-a-9-g12657ce
     0 | D:1      | 0 ||| qw: Game counter: 2151
     0 | D:1      | 0 ||| qw: Always use a shield: true
     0 | D:1      | 0 ||| qw: God list: Okawaru
     0 | D:1      | 0 ||| qw: Allow faded altars: false
     0 | D:1      | 0 ||| qw: Do Orc after D:15 true
     0 | D:1      | 0 ||| qw: Do second Lair branch before Depths: true
     0 | D:1      | 0 ||| qw: Lair rune preference: random
     0 | D:1      | 0 ||| qw: Plans: Normal
     0 | D:1      | 0 ||| PLANNING D:1-11
    10 | D:1      | Found a faded altar of an unknown god.
    29 | D:1      | Reached skill level 6 in Ranged Weapons
    29 | D:1      | Reached XP level 2. HP: 16/16 MP: 4/4
   268 | D:1      | Found Barut's Weapon Boutique.
   356 | D:1      | 356 ||| READING scroll labelled ULOUCU QURAEPT.
   357 | D:1      | 357 ||| READING scroll labelled VEBRA EMIRAINOU.
   358 | D:1      | 358 ||| DROPPING scroll of butterflies.
   445 | D:2      | Reached XP level 3. HP: 15/20 MP: 5/5
   488 | D:2      | Reached skill level 7 in Ranged Weapons
   579 | D:2      | Reached XP level 4. HP: 25/25 MP: 6/6
  1008 | D:2      | 1008 ||| READING 2 scrolls labelled JEDAPR PUWE.
  1009 | D:2      | 1009 ||| READING scroll labelled ZIJOKAVEBI.
  1010 | D:2      | 1010 ||| READING scroll labelled KAISHRA VEACLECW.
  1010 | D:2      | Identified a scroll of acquirement
  1010 | D:2      | 1010 ||| ACQUIRING +0 helmet of Freedom {rN+ Str+3}
  1010 | D:2      | Acquired the +0 helmet of Freedom {rN+ Str+3}
  1012 | D:2      | 1012 ||| UPGRADING to +0 helmet of Freedom {rN+ Str+3}.
  1017 | D:2      | 1017 ||| READING scroll labelled DESYUW MESIL.
  1018 | D:2      | 1018 ||| READING scroll labelled BIQAUFR ZISS.
  1022 | D:2      | 1022 ||| DROPPING scroll of fear.
  1151 | D:3      | You fall into a shaft and drop 3 floors!
  1172 | D:6      | Noticed Blork the orc
  1180 | D:6      | Slain by Blork the orc

Levels and vault maps discovered:
D:1:      spicycebolla_arrival_clurvy, layout_rooms,
          ebering_ecumenical_altar_box, serial_shops, nicolae_shop_behind_doors
D:2:      layout_basic, minmay_misc_feat_more_columns
D:3:      layout_basic
D:6:      layout_loops_corners, nicolae_overflow_hidden_temple,
          uniq_blork_the_orc

Skill      XL: |  1  2  3 |
---------------+----------+-----
Ranged Weapons | 6 7 |  7.9
Fighting       | |  1.5
Dodging        | |  2.4
Stealth        | |  1.2

Action                     |  1- 3 |  4- 6 || total
---------------------------+-------+-------++-------
   Fire: Shortbow          |    57 |    38 ||    95
    Use: Scroll            |     2 |     5 ||     7
 Armour: Leather armour    |     4 |       ||     4
  Dodge: Dodged            |     7 |     3 ||    10

Table legend:
 A = Non-vault XP
 B = Vault XP
 C = Vault XP percentage of total XP
 D = Non-vault monster count
 E = Vault monster count
 F = Vault count percentage of total count
                 A         B        C        D         E       F
            +---------+---------+-------+---------+---------+-------
      Total |     145 |       0 |   0.0 |      38 |       0 |   0.0
            +---------+---------+-------+---------+---------+-------
        D:1 |      28 |       0 |   0.0 |      14 |       0 |   0.0
        D:2 |     109 |       0 |   0.0 |      21 |       0 |   0.0
        D:3 |       8 |       0 |   0.0 |       3 |       0 |   0.0
            +---------+---------+-------+---------+---------+-------
